 Dungeon Crawl Stone Soup version 0.19.1-1-g22dce08 (webtiles) character file.

1175 theAP the Basher (level 8, 0/53 HPs)
             Began as a Gargoyle Fighter on Jan 18, 2017.
             Slain by a killer bee (5 damage)
             ... on level 6 of the Dungeon.
             The game lasted 00:12:25 (4835 turns).

theAP the Basher (Gargoyle Fighter)                 Turns: 4835, Time: 00:12:26

Health: 0/53       AC: 18    Str: 22    XL:     8   Next: 41%
Magic:  8/8        EV:  5    Int:  9    God:
Gold:   183        SH: 11    Dex:  9    Spells: 0 memorised, 7 levels left

rFire  + . .     SeeInvis +     n - +1 whip
rCold  x . .     Gourm    +     w - +0 chain mail
rNeg   + . .     Faith    .     j - +2 shield
rPois  ∞         Spirit   .     v - +2 helmet
rElec  +         Reflect  .     (no cloak)
rCorr  .         Harm     .     (no gloves)
MR     .....                    y - +0 pair of boots
Stlth  ..........               p - amulet of the gourmand
                                A - ring of fire
                                t - ring of see invisible

@: no status effects
A: negative energy resistance 1, electricity resistance, unbreathing,
petrification resistance, rot immunity, AC +5
a: no special abilities


You were on level 6 of the Dungeon.
You were very full.

You visited 1 branch of the dungeon, and saw 6 of its levels.

You collected 183 gold pieces.

Inventory:

Hand Weapons
 a - a +0 flail
 n - a +1 whip (weapon)
Armour
 b - a +0 scale mail
 c - a +2 shield
 j - a +2 shield (worn)
 s - a +0 helmet
 v - a +2 helmet (worn)
 w - a +0 chain mail (worn)
 y - a +0 pair of boots (worn)
Jewellery
 p - an amulet of the gourmand (around neck)
 t - a ring of see invisible (left hand)
 u - a +2 ring of intelligence
 x - a cursed amulet of faith {unknown}
 A - a ring of fire (right hand)
Wands
 z - a wand of teleportation (2/9)
Scrolls
 d - a scroll of identify
 g - a scroll of fear
 h - a scroll of enchant weapon
 o - a scroll of teleportation
Potions
 e - 3 potions of flight
 i - 2 potions of cure mutation
 l - a potion of lignification
 m - a potion of haste
Comestibles
 f - 4 bread rations
 q - a beef jerky
 r - 3 meat rations
 B - a slice of pizza


   Skills:
 + Level 7.0 Fighting
 * Level 8.0 Maces & Flails
 - Level 3.3 Armour
 - Level 0.1 Dodging
 - Level 3.6 Shields


You had 7 spell levels left.
You didn't know any spells.

Dungeon Overview and Level Annotations

Branches:
Dungeon (6/15)
 Temple: D:4-7

Altars:
Makhleb
Ru


Innate Abilities, Weirdness & Mutations

You are resistant to torment.
Your stone body is resilient. (AC +5)
You are immune to poison.
You resist negative energy. (rN+)
You are resistant to electric shocks. (rElec)
You can survive without breathing.
You are immune to petrification.
You are immune to rotting.


Message History

You block the killer bee's attack. The killer bee stings you.
* * * LOW HITPOINT WARNING * * *
Your chain mail prevents you from hitting the killer bee.
The killer bee is almost dead.
The killer bee stings you.
* * * LOW HITPOINT WARNING * * *
The killer bee stings you but does no damage.
You miss the killer bee.
The killer bee is almost dead.
You block the killer bee's attack.
The killer bee stings you but does no damage. x3
You miss the killer bee.
The killer bee is almost dead.
You block the killer bee's attack. The killer bee stings you.
* * * LOW HITPOINT WARNING * * *
You miss the killer bee.
The killer bee is almost dead.
The killer bee stings you but does no damage.
The killer bee stings you.
You die...

...............
#............
#...<....... #...........
. ##........#. .#
##.......## ..# ##
##.......## .... ..
###........# .....
#.##..###..##@###......
#...## #...#yy.....#
###.# ##...y.†....# #.##
#....##....# ##.# ##...##
....## #.###....# .....##
#####........# #.#...###
#.....#......## #.#.....#
#####.#.......###........


You could see 3 killer bees.

Vanquished Creatures
  The ghost of theAP the Skirmisher, an amateur GrFi (D:4)
  Duvessa (D:5)
  2 ice beasts (D:4)
  2 centaurs (D:5)
  Dowan (D:5)
  3 killer bees (D:6)
  A crimson imp (D:5)
  A hound (D:5)
  A jelly (D:5)
  An orc priest (D:4)
  3 orc wizards
  An iguana (D:5)
  2 worker ants
  4 gnolls (D:4)
  2 adders
  3 worms
  A dart slug (D:2)
  A leopard gecko (D:2)
  12 orcs
  5 giant cockroaches
  6 goblins
  5 hobgoblins
  2 jackals (D:4)
  4 kobolds (D:1)
  3 ball pythons
  11 bats
  5 frilled lizards
  9 rats
93 creatures vanquished.

Notes
Turn   | Place    | Note
-------+----------+-------------------------------------------
     0 | D:1      | theAP the Gargoyle Fighter began the quest for the Orb.
     0 | D:1      | Reached XP level 1. HP: 14/14 MP: 1/1
   180 | D:1      | Reached XP level 2. HP: 18/19 MP: 2/2
  1046 | D:2      | Reached XP level 3. HP: 22/24 MP: 3/3
  1746 | D:2      | Reached skill level 3 in Maces & Flails
  2263 | D:3      | Found a burning altar of Makhleb.
  2263 | D:3      | Noticed an Executioner
  2267 | D:3      | Noticed a hellwing
  2267 | D:3      | Noticed a neqoxec
  2605 | D:4      | Noticed an ice beast
  2849 | D:4      | Reached XP level 4. HP: 15/29 MP: 4/4
  3043 | D:4      | Noticed theAP's ghost (amateur GrFi)
  3178 | D:4      | Killed theAP's ghost
  3178 | D:4      | Reached skill level 4 in Maces & Flails
  3178 | D:4      | Reached XP level 5. HP: 28/34 MP: 5/5
  3190 | D:4      | Killed an ice beast
  3190 | D:4      | Reached skill level 5 in Fighting
  3190 | D:4      | Reached skill level 5 in Maces & Flails
  3190 | D:4      | Reached XP level 6. HP: 32/40 MP: 6/6
  3390 | D:4      | Noticed an ice beast
  3441 | D:4      | Killed an ice beast
  3447 | D:4      | Reached XP level 7. HP: 41/44 MP: 7/7
  3569 | D:4      | Reached skill level 6 in Maces & Flails
  3761 | D:5      | Entered Level 5 of the Dungeon
  4160 | D:5      | Found a sacrificial altar of Ru.
  4182 | D:5      | Noticed Duvessa
  4183 | D:5      | Noticed Dowan
  4207 | D:5      | Reached skill level 7 in Maces & Flails
  4222 | D:5      | Killed Duvessa
  4222 | D:5      | Reached XP level 8. HP: 42/52 MP: 8/8
  4249 | D:5      | Killed Dowan
  4794 | D:6      | Reached skill level 8 in Maces & Flails
  4835 | D:6      | Slain by a killer bee

Skill      XL: |  1  2  3  4  5  6  7  8 |
---------------+-------------------------+-----
Maces & Flails | 3 4 5 7 8 |  8.0
Fighting       | 4 5 6 7 |  7.0
Armour         | |  3.3
Dodging        | |  0.1
Shields        | |  3.6

Action                   |  1- 3 |  4- 6 |  7- 9 || total
-------------------------+-------+-------+-------++-------
Melee: Flail             |    76 |       |       ||    76
       Whip              |   192 |   162 |   400 ||   754
Evoke: Wand              |     1 |       |       ||     1
  Use: Scroll            |     9 |     4 |     4 ||    17
       Potion            |       |     3 |     2 ||     5
 Stab: Paralysed         |       |       |     1 ||     1
  Eat: Chunk             |     9 |     9 |     4 ||    22
Armor: Scale mail        |    86 |       |       ||    86
       Chain mail        |    59 |    88 |   212 ||   359
Dodge: Dodged            |    73 |    27 |    69 ||   169
Block: Shield            |   142 |    95 |   220 ||   457
